Map: Zielone pola

Players

Boris - Winner!

  • Race: Terran Terran
  • Spawn Location: 6:00

Gracz - Winner!

  • Race: Protoss Protoss
  • Spawn Location: 9:00

kirillkasi - Winner!

  • Race: Protoss Protoss
  • Spawn Location: 7:00

VietNamBR

  • Race: Terran Terran
  • Spawn Location: 1:00

xXx

  • Race: Zerg Zerg
  • Spawn Location: 3:00

Playnowrock

  • Race: Zerg Zerg
  • Spawn Location: 12:00

VOD

Have the link to the VOD?

Description

Time

  • Played on: Feb. 26, 2016, 4:34 p.m.
  • Length: 15:10
Show
View Real Time Build Order
Export as new Build Order

Boris Terran - Winner!

Build Orders: MMM Bio 

Get SALT Encoding   

  12  0:01  SCV  
  13  0:13  SCV  
  14  0:17  Supply Depot  
  14  0:25  SCV  
  15  0:39  SCV  
  15  0:41  Barracks  
  16  0:46  Refinery  
  16  0:53  SCV  
  17  1:06  SCV  
  17  1:09  Refinery  
  18  1:18  SCV  
  19  1:27  Barracks Tech Lab  
  19  1:29  Barracks  
  19  1:32  Orbital Command  
  19  1:47  Marine, Stimpack  
  20  1:57  SCV  
  21  2:05  Marine  
  22  2:09  SCV  
  22  2:13  Supply Depot  
  23  2:19  Barracks Reactor  
  23  2:21  Factory  
  23  2:34  Marine, SCV  
  25  2:45  Supply Depot  
  25  2:46  SCV  
  26  2:52  Marine  
  26  2:56  Marine x2  
  29  2:58  SCV  
  29  3:05  Factory Reactor  
  30  3:06  Starport  
  31  3:14  Marine  
  31  3:15  Marine x2  
  33  3:25  Supply Depot  
  33  3:32  Marine x2  
  33  3:33  Marine  
  36  3:50  Marine x2  
  36  3:51  Marine  
  36  3:52  Medivac x2  
  43  4:00  Combat Shields  
  43  4:08  Marine x3  
  46  4:25  Marine  
  46  4:26  Marine x2  
  49  4:34  Medivac x2  
  53  4:43  Marine  
  53  4:44  Marine  
  55  4:49  Supply Depot  
  55  5:10  Marine, SCV  
  57  5:22  SCV  
  50  5:34  SCV  
  51  5:47  SCV  
  52  5:59  SCV  
  52  6:02  Command Center  
  53  6:05  Command Center  
  53  6:07  Engineering Bay  
  53  6:09  Engineering Bay  
  53  6:11  SCV  
  54  6:23  SCV  
  55  6:35  SCV  
  56  6:47  SCV  
  56  6:48  Terran Infantry Weapons Level 1  
  56  6:49  Terran Infantry Armor Level 1  
  57  6:59  SCV  
  57  7:11  SCV  
  58  7:23  SCV  
  59  7:35  SCV  
  51  8:18  Marine x3  
  54  8:23  Orbital Command  
  53  8:36  Marine x3  
  54  8:53  Marine  
  54  8:54  Marine x2  
  57  9:05  Hi-Sec Auto Tracking  
  57  9:06  Building Armor  
  57  9:31  SCV  
  57  10:28  Factory Tech Lab  
  57  10:33  Marine  
  57  10:34  Marine x2  
  60  10:40  Barracks x2  
  60  10:42  Armory  
  60  10:43  Barracks x2  
  60  10:47  Siege Tank  
  63  10:57  Refinery  
  63  10:58  Refinery  
  63  11:11  Planetary Fortress  
  63  11:19  Siege Tank  
  66  11:29  Barracks Reactor x3  
  66  11:30  Barracks Reactor  
  66  11:31  Terran Infantry Armor Level 2, Terran Infantry Weapons Level 2  
  66  11:33  Terran Vehicle Weapons Level 1  
  66  11:51  Siege Tank  
  69  12:23  Siege Tank  
  69  12:25  Factory  
  69  12:27  Factory  
  72  12:55  Siege Tank  
  55  13:12  Marine  
  55  13:13  Marine x9  
  52  13:27  Siege Tank  
  52  13:33  Missile Turret x2  
  52  13:35  Marine  
  52  13:36  Missile Turret, Marine x6  
  56  13:45  Factory Tech Lab x2  
  55  14:18  Command Center  
  55  14:21  Missile Turret  
  55  14:25  Marine  
  55  14:26  Marine x10  
  84  14:40  Missile Turret  
  84  14:43  Marine  
  84  14:44  Marine  
  86  15:00  Missile Turret  
Show
View Real Time Build Order
Export as new Build Order

Gracz Protoss - Winner!

Build Orders:  

Get SALT Encoding   

  12  0:02  Probe (Chrono Boost)  
  13  0:17  Pylon  
  13  0:22  Assimilator  
  13  0:26  Probe (Chrono Boost)  
  14  0:42  Pylon  
  14  0:52  Pylon  
  14  1:00  Gateway, Probe (Chrono Boost)  
  15  1:11  Assimilator  
  15  1:13  Probe (Chrono Boost)  
  16  1:42  Forge  
  16  1:49  Gateway  
  16  1:56  Gateway  
  17  2:15  Probe (Chrono Boost), Cybernetics Core  
  17  2:26  Probe (Chrono Boost)  
  17  2:28  Gateway  
  18  2:36  Gateway  
  18  2:47  Gateway  
  18  2:59  Warp Gate (Chrono Boost)  
  18  3:24  Gateway  
  18  3:37  Nexus  
  18  3:43  Sentry  
  18  3:45  Stalker  
  18  3:48  Sentry  
  24  3:54  Stalker  
  26  4:00  Probe  
  27  4:31  Assimilator, Probe  
  28  4:43  Probe  
  29  5:09  Probe  
  29  5:13  Mothership Core  
  32  5:20  Probe  
  32  5:22  Pylon  
  33  5:28  Pylon  
  33  5:30  Probe  
  33  5:35  Probe  
  35  5:39  Stargate  
  35  5:41  Probe  
  35  5:42  Stargate  
  35  5:45  Stargate  
  35  5:47  Probe  
  37  5:52  Stargate  
  37  6:16  Stargate  
  37  6:17  Probe  
  38  6:28  Probe  
  39  6:38  Probe  
  40  6:48  Fleet Beacon  
  40  6:49  Probe  
  40  6:51  Assimilator  
  40  6:52  Probe  
  42  6:59  Probe  
  42  7:04  Probe  
  44  7:10  Probe  
  44  7:12  Void Ray  
  49  7:16  Probe  
  49  7:21  Probe  
  51  7:28  Pylon  
  51  7:31  Probe  
  52  7:42  Probe  
  53  7:52  Probe  
  60  8:06  Void Ray x2  
  68  8:22  Pylon  
  62  9:47  Oracle  
  65  9:55  Carrier  
  65  9:59  Void Ray  
  75  10:04  Void Ray x2  
  83  10:16  Pylon  
  83  10:20  Pylon  
  83  10:25  Pylon  
  83  10:28  Stalker  
  85  10:34  Void Ray  
  89  10:36  Stalker  
  89  10:37  Stalker  
  89  10:38  Stalker x2  
  89  10:39  Stalker x2  
  101  10:43  Void Ray  
  101  10:47  Pylon  
  105  10:51  Pylon  
  105  10:54  Pylon  
  105  11:38  Sentry  
  105  11:39  Sentry  
  109  11:40  Sentry, Stalker  
  109  11:41  Stalker x2  
  109  11:42  Stalker  
  109  11:45  Twilight Council  
  50  12:58  Stalker x3  
  44  12:59  Stalker x3  
  44  13:00  Stalker  
  44  13:05  Tempest x2  
  64  13:06  Tempest  
  64  13:07  Void Ray  
  58  13:44  Stalker x3  
  58  13:45  Stalker  
  58  13:46  Stalker x3  
  72  13:52  Void Ray  
  76  14:16  Void Ray  
Show
View Real Time Build Order
Export as new Build Order

kirillkasi Protoss - Winner!

Build Orders: Cannon Rush 

Get SALT Encoding   

  12  0:03  Probe (Chrono Boost)  
  13  0:13  Probe (Chrono Boost)  
  14  0:24  Pylon, Probe (Chrono Boost)  
  15  0:42  Probe (Chrono Boost)  
  16  0:45  Forge  
  16  0:53  Probe (Chrono Boost)  
  17  1:03  Probe (Chrono Boost)  
  18  1:14  Probe (Chrono Boost)  
  19  1:22  Pylon  
  19  1:26  Pylon  
  19  1:43  Photon Cannon  
  19  1:46  Photon Cannon  
  19  1:51  Photon Cannon  
  19  2:00  Photon Cannon  
  19  2:05  Photon Cannon  
  19  2:09  Photon Cannon  
  19  2:14  Pylon  
  19  2:27  Photon Cannon  
  19  2:41  Photon Cannon  
  19  3:25  Nexus  
  19  3:29  Pylon  
  19  3:41  Assimilator  
  19  3:45  Assimilator  
  19  3:58  Pylon  
  19  4:00  Probe (Chrono Boost)  
  20  4:10  Probe (Chrono Boost)  
  21  4:21  Probe (Chrono Boost), Gateway  
  22  4:31  Probe (Chrono Boost)  
  23  4:42  Probe x2 (Chrono Boost)  
  26  4:52  Probe (Chrono Boost)  
  26  4:53  Assimilator, Probe (Chrono Boost)  
  26  4:58  Assimilator  
  27  5:04  Probe x2 (Chrono Boost)  
  29  5:12  Nexus  
  29  5:14  Photon Cannon  
  29  5:15  Probe x2 (Chrono Boost)  
  29  5:17  Photon Cannon x2  
  31  5:25  Probe x2 (Chrono Boost)  
  33  5:34  Pylon  
  33  5:36  Probe (Chrono Boost)  
  33  5:39  Probe (Chrono Boost)  
  35  5:46  Probe (Chrono Boost)  
  35  5:49  Probe (Chrono Boost), Cybernetics Core  
  37  5:51  Pylon  
  37  5:55  Pylon  
  38  5:57  Probe (Chrono Boost)  
  38  6:00  Probe (Chrono Boost)  
  39  6:12  Probe x2 (Chrono Boost)  
  41  6:22  Probe x2 (Chrono Boost)  
  43  6:31  Stargate  
  43  6:32  Warp Gate  
  43  6:33  Stargate  
  43  6:35  Stargate  
  43  6:40  Pylon  
  43  6:44  Pylon, Mothership Core (Chrono Boost)  
  45  6:48  Pylon  
  45  6:49  Probe x2 (Chrono Boost)  
  47  7:00  Photon Cannon  
  47  7:02  Photon Cannon  
  47  7:03  Photon Cannon  
  47  7:12  Probe x2 (Chrono Boost)  
  49  7:20  Assimilator  
  49  7:24  Assimilator, Photon Cannon  
  49  7:25  Void Ray  
  49  7:27  Photon Cannon  
  53  7:36  Void Ray  
  57  7:38  Void Ray  
  61  7:51  Fleet Beacon  
  61  8:13  Void Ray  
  65  8:21  Probe x3 (Chrono Boost)  
  65  8:22  Void Ray x2  
  76  8:31  Probe (Chrono Boost)  
  77  8:45  Probe x3 (Chrono Boost)  
  80  8:55  Probe x2 (Chrono Boost)  
  82  8:56  Void Ray  
  86  9:05  Void Ray x2  
  100  9:15  Pylon  
  100  9:17  Pylon x2  
  100  9:31  Robotics Facility  
  100  9:35  Probe x3 (Chrono Boost)  
  103  9:46  Probe (Chrono Boost)  
  103  9:52  Stargate  
  104  9:54  Stargate  
  104  10:00  Void Ray x3  
  116  10:19  Observer  
  117  10:26  Probe x2 (Chrono Boost)  
  119  10:40  Observer, Void Ray x2  
  128  10:45  Protoss Air Weapons Level 1  
  128  10:53  Cybernetics Core  
  128  10:59  Void Ray x2  
  128  11:00  Void Ray  
  128  11:03  Probe (Chrono Boost)  
  141  11:16  Pylon  
  141  11:18  Pylon  
  141  11:20  Pylon  
  141  11:21  Pylon  
  141  11:34  Observer, Probe x3 (Chrono Boost)  
  145  12:19  Void Ray x4  
  145  12:20  Void Ray  
  156  12:40  Observer  
  157  13:01  Observer  
  158  13:29  Void Ray x3  
  170  13:51  Void Ray  
  170  13:54  Void Ray  
  155  14:11  Void Ray  
  155  14:12  Void Ray x2  
  167  14:23  Pylon  
  169  14:24  Probe x3 (Chrono Boost)  
  169  14:25  Pylon  
  169  14:28  Pylon  
  169  14:30  Pylon  
  169  14:31  Pylon  
  170  14:32  Pylon  
  170  14:34  Pylon  
  170  14:35  Probe x3 (Chrono Boost)  
  173  14:45  Probe (Chrono Boost)  
Show
View Real Time Build Order
Export as new Build Order

VietNamBR Terran 

Build Orders:  

Get SALT Encoding   

  12  0:01  SCV  
  13  0:13  SCV  
  14  0:19  Supply Depot  
  14  0:25  SCV  
  15  0:40  SCV  
  15  0:42  Refinery  
  16  0:43  Refinery  
  16  0:52  SCV  
  17  1:04  SCV  
  18  1:13  Barracks  
  18  1:14  Barracks  
  18  1:17  SCV  
  19  1:29  SCV  
  20  1:41  SCV  
  21  1:53  SCV  
  22  2:03  Factory x2  
  22  2:06  Barracks Tech Lab  
  22  2:09  Barracks Reactor  
  22  2:18  Orbital Command  
  22  2:33  Barracks Reactor  
  22  2:55  Supply Depot  
  22  3:00  Siege Tank  
  22  3:02  Widow Mine x2  
  22  3:05  Barracks Tech Lab  
  29  3:07  SCV  
  30  3:21  SCV  
  31  3:30  Supply Depot  
  31  3:31  Widow Mine x2  
  31  3:33  SCV  
  36  3:51  Siege Tank  
  39  3:59  Widow Mine x2  
  43  4:22  Command Center  
  43  4:24  Combat Shields  
  43  4:25  Widow Mine  
  43  4:28  Widow Mine  
  43  4:29  Supply Depot  
  47  4:51  SCV  
  48  5:23  Command Center  
  48  5:33  Widow Mine x2  
  48  5:34  Siege Tank  
  54  5:38  Engineering Bay  
  54  6:01  Widow Mine x2  
  54  6:02  SCV  
  59  6:06  Siege Tank  
  62  6:13  Supply Depot  
  62  6:14  Supply Depot x2  
  62  6:22  Marine x2  
  62  6:23  Marine  
  65  6:30  Widow Mine x2  
  69  6:36  Supply Depot x2  
  69  6:37  Supply Depot  
  69  6:38  Supply Depot x2, Siege Tank  
  72  6:43  SCV  
  73  6:51  Marine x3  
  76  7:17  Missile Turret  
  76  7:18  Missile Turret  
  76  7:21  Missile Turret  
  76  7:22  Missile Turret  
  76  7:27  Orbital Command  
  76  7:30  Widow Mine  
  76  7:31  Widow Mine  
  80  7:39  Siege Tank  
  83  7:52  Missile Turret x2  
  83  7:54  Missile Turret  
  83  7:55  Refinery x2  
  83  8:17  SCV x2  
  85  8:29  SCV x2  
  87  8:42  Marine x3  
  87  8:47  Widow Mine x2  
  97  8:48  Siege Tank  
  97  8:49  SCV x2  
  97  8:54  Starport  
  99  8:56  Starport  
  99  9:00  Marine x2, Supply Depot  
  101  9:03  Supply Depot  
  101  9:15  Marine  
  102  9:17  Marine  
  102  9:19  Widow Mine x2  
  102  9:20  Siege Tank  
  102  9:21  SCV x2  
  112  9:38  SCV  
  112  9:40  SCV  
  110  9:48  Widow Mine x2  
  110  9:52  SCV  
  98  10:09  Orbital Command  
  98  10:12  SCV  
  99  10:24  SCV, Widow Mine x2  
  99  10:25  Siege Tank  
  107  10:50  Marine  
  107  10:51  Marine x2  
  107  10:52  Widow Mine  
  107  10:53  Widow Mine  
  107  10:55  SCV x2  
  107  10:56  Widow Mine  
  118  11:08  Marine  
  118  11:09  Medivac x2  
  123  11:19  Marine x2  
  125  11:26  Marine  
  123  11:36  Marine  
Show
View Real Time Build Order
Export as new Build Order

xXx Zerg 

Build Orders: Hatch First 

Get SALT Encoding   

  12  0:01  Drone  
  13  0:16  Drone  
  13  0:20  Overlord  
  14  0:38  Overlord  
  14  0:40  Drone x2  
  16  0:49  Drone  
  17  1:08  Drone  
  17  1:10  Hatchery  
  17  1:18  Spawning Pool  
  16  1:22  Drone  
  17  1:35  Drone  
  17  1:36  Drone  
  19  1:43  Drone  
  19  2:24  Spine Crawler  
  19  2:29  Spine Crawler  
  17  2:32  Queen  
  17  2:34  Drone x2  
  19  2:41  Spine Crawler  
  19  2:43  Drone  
  19  2:47  Extractor  
  18  3:16  Spine Crawler  
  17  3:23  Queen  
  17  3:24  Drone x3  
  22  3:27  Drone x2  
  22  3:28  Drone  
  25  4:00  Drone  
  25  4:01  Drone x2  
  28  4:14  Extractor  
  28  4:15  Extractor, Drone x3  
  29  4:20  Extractor  
  29  4:22  Hatchery  
  27  4:34  Drone  
  27  4:35  Drone x4  
  32  4:43  Drone x2  
  32  4:45  Drone  
  35  4:48  Drone  
  33  5:07  Lair  
  33  5:17  Spawning Pool  
  32  5:31  Hatchery  
  31  5:44  Overlord  
  31  5:54  Overlord x2  
  31  6:13  Queen  
  31  6:16  Drone  
  34  6:19  Hatchery  
  33  6:36  Spire  
  32  6:42  Drone  
  32  6:43  Drone x6  
  39  7:00  Baneling Nest  
  38  7:08  Zergling x2  
  38  7:09  Zergling x16  
  47  7:30  Extractor  
  47  7:31  Metabolic Boost, Extractor  
  47  7:36  Overlord x3  
  45  7:41  Drone  
  45  7:43  Drone x3  
  46  8:12  Zergling x28  
  51  8:18  Extractor  
  49  8:20  Extractor  
  48  8:33  Zergling x2  
  48  8:34  Zergling x10  
  51  8:35  Zergling x2  
  51  8:36  Zergling x2  
  51  8:40  Drone  
  52  9:07  Mutalisk x8  
  68  9:16  Zerg Flyer Weapons Level 1  
  68  9:18  Mutalisk  
  68  9:20  Queen  
  72  9:30  Drone  
  72  9:31  Drone  
  74  9:35  Overlord x2  
  74  10:07  Mutalisk x6  
  74  10:10  Overlord  
  86  10:37  Drone x11  
  97  10:46  Centrifical Hooks  
  97  10:55  Drone  
  98  10:59  Overlord x2  
  98  11:04  Overlord  
  98  11:05  Overlord  
  98  11:18  Mutalisk x3  
  104  11:25  Drone  
  104  11:26  Drone x2  
  107  11:34  Overseer  
  107  11:36  Mutalisk x3  
  111  12:04  Mutalisk  
  111  12:05  Mutalisk x8  
  125  12:25  Pneumatized Carapace  
  125  12:26  Mutalisk x2  
  113  12:46  Mutalisk  
  113  12:48  Mutalisk x2  
  113  12:49  Mutalisk x2  
  113  12:51  Zergling x14  
  119  13:09  Mutalisk x4  
  118  13:44  Mutalisk x3  
  118  13:45  Mutalisk x2  
  128  13:49  Overlord x6  
  120  14:13  Mutalisk  
  120  14:14  Mutalisk x5  
  130  14:22  Mutalisk  
  130  14:24  Mutalisk  
  134  14:34  Zergling x2  
  134  14:35  Zergling x10  
Show
View Real Time Build Order
Export as new Build Order

Playnowrock Zerg 

Build Orders: Pool First 

Get SALT Encoding   

  12  0:02  Drone  
  13  0:15  Drone  
  13  0:20  Overlord  
  14  0:38  Drone x2  
  16  0:53  Drone x2  
  18  1:00  Spawning Pool  
  17  1:06  Extractor  
  17  1:08  Extractor  
  15  1:14  Drone x2  
  17  1:24  Evolution Chamber  
  16  1:27  Evolution Chamber  
  15  1:34  Drone  
  15  1:35  Drone  
  17  1:47  Queen  
  19  2:05  Overlord x2  
  19  2:14  Spore Crawler  
  19  2:15  Spore Crawler  
  17  2:19  Drone x2, Spore Crawler  
  18  2:44  Drone x2  
  18  2:46  Lair  
  20  2:52  Zerg Missile Weapons Level 1  
  20  3:17  Zergling x6  
  20  3:18  Zergling x6  
  26  3:21  Metabolic Boost  
  26  4:03  Hatchery  
  26  4:08  Drone x2  
  26  4:09  Drone x3  
  30  4:17  Zerg Ground Armor Level 1  
  30  5:05  Hydralisk Den  
  27  5:40  Drone  
  27  5:41  Drone x5  
  33  5:45  Muscular Augments  
  33  5:46  Zerg Missile Weapons Level 2  
  33  5:50  Drone x3  
  33  5:51  Queen  
  33  5:55  Pneumatized Carapace  
  38  6:02  Spine Crawler x2  
  36  6:06  Spine Crawler  
  35  6:19  Spire  
  35  6:22  Drone x2  
  36  6:27  Overlord x2  
  36  6:28  Overlord  
  36  6:40  Drone x2  
  25  7:31  Zergling x12  
  30  8:05  Spore Crawler  
  30  8:09  Spore Crawler  
  28  8:15  Spore Crawler  
  28  8:17  Spore Crawler  
  26  8:53  Hatchery  
  23  9:12  Zerg Ground Armor Level 2  
  23  9:14  Hydralisk x2  
  23  9:15  Hydralisk x6  
  39  9:27  Overseer x2  
  39  9:35  Lurker Den  
  39  9:42  Hydralisk  
  39  9:43  Hydralisk x2  
  45  9:47  Overlord x2  
  45  10:06  Queen  
  47  10:30  Drone x3  
  47  10:34  Overlord x2  
  50  10:54  Spine Crawler  
  49  10:58  Spine Crawler  
  48  11:30  Drone x6  
  54  11:36  Extractor  
  53  11:40  Extractor  
  53  11:43  Spine Crawler  
  51  11:47  Spore Crawler  
  51  11:50  Spore Crawler  
  49  11:56  Spore Crawler  
  49  11:57  Drone x2  
  28  12:38  Hydralisk  
  28  12:39  Hydralisk x4  
  27  13:13  Hydralisk x5  
  27  13:14  Hydralisk  
  39  13:48  Hydralisk x3  
  39  13:49  Hydralisk x2  
  49  15:06  Hatchery  
Tags
 
Add a new tag
Caveats
  • Supply blocks, unpowered buildings, or Contaminate may cause inaccurate times.
  • Supply counts are checked every 10 seconds.